 Dungeon Crawl Stone Soup version 0.30-a0-374-g95c0257040 (webtiles) character file.

Game seed: 6306294667659483194

53 MacCMillion the Shooter (level 3, -1/18 HPs)
             Began as a Spriggan Hunter on Nov 26, 2022.
             Killed by divine providence
             ... invoked by an orc priest
              (13 damage)
             ... on level 3 of the Dungeon.
             The game lasted 00:03:46 (925 turns).

MacCMillion the Shooter (Spriggan Hunter)            Turns: 925, Time: 00:03:47

Health: -1/18      AC:  2    Str:  7    XL:     3   Next: 64%
Magic:  4/4        EV: 19    Int: 10    God:
Gold:   126        SH:  0    Dex: 20    Spells: 2/2 levels left

rFire   . . .      SeeInvis +    a - +0 shortbow
rCold   . . .      Faith    .    (shield currently unavailable)
rNeg    . . .      Spirit   .    c - +0 robe
rPois   .          Reflect  .    (helmet restricted)
rElec   .          Harm     .    (no cloak)
rCorr   .          Rampage  .    (gloves unavailable)
Will    .....                    (boots unavailable)
Stlth   ++........               (no amulet)
HPRegen 0.23/turn                (no ring)
MPRegen 0.09/turn                (no ring)

@: very quick
A: very small, no large weapons, unfitting armour, see invisible, speed 3
a: no special abilities


You were on level 3 of the Dungeon.
You visited 1 branch of the dungeon, and saw 3 of its levels.

You collected 126 gold pieces.

Inventory:

Hand Weapons
 a - a +0 shortbow (weapon)
Armour
 c - a +0 robe (worn)
Scrolls
 b - a scroll of immolation
 d - a scroll of amnesia {unknown}
 e - a scroll of poison {unknown}
 f - a scroll of blinking {unknown}
 g - a scroll of teleportation {unknown}
 h - a scroll of fear {unknown}
Potions
 i - a potion of curing {unknown}
 j - a potion of brilliance {unknown}
 k - a potion of mutation {unknown}


   Skills:
 - Level 1.6 Fighting
 + Level 4.6 Ranged Weapons
 + Level 4.2 Dodging
 - Level 2.0 Stealth


You had 2 spell levels left.
You didn't know any spells.
Your spell library contained the following spells:

 Spells                   Type           Power      Damage    Failure   Level
 Beastly Appendage        Tmut           0%         N/A       36%         1
 Scorch                   Fire           0%         2d5       50%         2
 Wereblood                Tmut           0%         N/A       50%         2
 Spider Form              Tmut/Pois      0%         N/A       75%         3
 Animate Dead             Necr           0%         N/A       98%         4
 Flame Wave               Conj/Fire      0%         2d4       98%         4
 Borgnjor's Vile Clutch   Necr/Erth      0%         N/A       100%        5
 Death Channel            Necr           0%         N/A       100%        6
 Summon Cactus Giant      Summ           0%         N/A       100%        6


Dungeon Overview and Level Annotations

Branches:
Dungeon (3/15)

Altars:


Innate Abilities, Weirdness & Mutations

You are very small and have problems with some larger weapons.
You are too small for most types of armour.
You have supernaturally acute eyesight. (SInv)
You cover ground extremely quickly. (Speed+++)


Message History

The orc shouts!
You see here a +0 short sword.
You shoot an arrow. The arrow closely misses the orc.
The orc throws a boomerang.
The boomerang barely misses you.
You shoot an arrow.
The arrow hits the orc but does no damage.
An orc comes into view. It is wielding a +0 short sword.
The orc throws a boomerang.
The boomerang completely misses you.
You shoot an arrow. The arrow barely misses the orc.
You shoot an arrow.
The arrow hits the orc but does no damage.
You shoot an arrow. The arrow barely misses the orc.
The orc throws a boomerang.
The boomerang hits you.
Things that are here:
a +0 short sword; a hobgoblin corpse You shoot an arrow.
The arrow barely misses the orc.
The orc throws a boomerang.
The boomerang barely misses you.
You shoot an arrow. The arrow hits the orc.
The orc is almost dead.
An orc priest comes into view. It is wielding a +0 flail.
You shoot an arrow. The orc priest shouts!
The arrow hits the orc.
You kill the orc!
You shoot an arrow. The arrow completely misses the orc.
The orc throws a boomerang.
The boomerang misses you.
You shoot an arrow. The arrow hits the orc!
You kill the orc!
The orc priest calls down the wrath of Beogh upon you.
Pain shoots through your body!
You shoot an arrow.
The arrow hits the orc priest but does no damage.
You shoot an arrow. The arrow hits the orc priest!
The orc priest is severely wounded.
You shoot an arrow.
The arrow closely misses the orc priest.
The orc priest invokes the aid of Beogh against you.
Beogh smites you!
Ouch! That really hurt!
You die...

#.(.....†..###.)...#
#####.#.##........)#
#....##.........#
#...............##
#...>............#
#........#####'#.#
#........#. #.# #####
##.........###.#......
#.........@.o).......
#.......#..).........
#..........###.......
.......)# #<.....
###....# #..... #....#
..... #....# #####
#....#


You could see an orc priest.

Vanquished Creatures
  2 dart slugs
  2 orcs (D:3)
  2 endoplasms
  3 giant cockroaches
  4 goblins
  4 hobgoblins
  4 jackals (D:2)
  7 kobolds
  A quokka (D:2)
  2 ball pythons
  4 bats
  3 frilled lizards
  8 rats
46 creatures vanquished.

Notes
Turn   | Place    | Note
-------+----------+-------------------------------------------
     0 | D:1      | MacCMillion the Spriggan Hunter began the quest for the
                  | Orb.
     0 | D:1      | Reached XP level 1. HP: 10/10 MP: 2/2
    73 | D:1      | Reached XP level 2. HP: 14/14 MP: 3/3
   546 | D:2      | Reached XP level 3. HP: 18/18 MP: 4/4
   925 | D:3      | Killed from afar by an orc priest

Illustrated notes

Levels and vault maps discovered:
D:1:      dpeg_arrival_prison, layout_rooms
D:2:      layout_basic
D:3:      layout_basic, roderic_batcave

Skill      XL: |  1  2  3 |
---------------+----------+-----
Dodging        | 3 4 |  4.2
Stealth        | 2 |  2.0
Fighting       | |  1.6
Ranged Weapons | |  4.6

Action                   || total
-------------------------++-------
 Fire: Shortbow          ||   104
Armor: Robe              ||     5
Dodge: Dodged            ||    37

Table legend: (Time is in decaauts)
 A = Elapsed time spent in this place.
 B = Non-inter-level travel time spent in this place.
 C = Inter-level travel time spent in this place.
 D = Time resting spent in this place.
 E = Time spent auto-exploring this place.
 F = Levels seen in this place.
 G = Mean time per level.
                   A        B        C        D        E       F      G
               +--------+--------+--------+--------+--------+-----+--------+
         Total |    643 |    608 |     35 |      0 |    408 |   3 |  214.3 |
       Dungeon |    643 |    608 |     35 |      0 |    408 |   3 |  214.3 |
               +--------+--------+--------+--------+--------+-----+--------+

Top non-repeatable levels by time:
     D:1: 325 daAuts
     D:2: 265 daAuts
     D:3: 52 daAuts
